 Dungeon Crawl Stone Soup version 0.16.1-51-g6203257 (webtiles) character file.

124 RepoMan the Firebug (level 4, -1/30 HPs)
             Began as a Mummy Fire Elementalist on Aug 5, 2015.
             Was an Initiate of Ashenzari.
             Slain by a worker ant (6 damage)
             ... on level 4 of the Dungeon.
             The game lasted 00:17:21 (2792 turns).

RepoMan the Firebug (Mummy Fire Elementalist)       Turns: 2792, Time: 00:17:21

Health: -1/30      AC:  3    Str: 11    XL:     4   Next: 81%
Magic:  1/9        EV: 12    Int: 15    God:    Ashenzari [......]
Gold:   142        SH:  0    Dex: 12    Spells: 4 memorised, 0 levels left

rFire  x . .     SeeInvis .     c - +1 dagger (drain)
rCold  + . .     Clarity  .     a - +0 robe
rNeg   + + +     SustAb   .     (no shield)
rPois  ∞         Gourm    .     j - +1 hat
rElec  .         Spirit   .     (no cloak)
rCorr  .         Warding  .     (no gloves)
rMut   .         Stasis   .     (no boots)
MR     .....                    (no amulet)
Stlth  ++........               (no ring)
                                (no ring)

@: not resistant to hostile enchantments, unstealthy
A: no food or potions, fire vulnerability, restore body, cold resistance 1,
negative energy resistance 3, poison resistance, torment resistance, unbreathing
a: Renounce Religion


You were on level 4 of the Dungeon.
You worshipped Ashenzari.
Ashenzari was noncommittal.
You were not hungry.

You visited 1 branch of the dungeon, and saw 4 of its levels.

You collected 142 gold pieces.

Inventory:

Hand weapons
 c - a +1 dagger of draining (weapon)
 e - a +0 spear
 i - a +2 dagger of draining
Missiles
 f - 15 poisoned needles
Armour
 a - a +0 robe (worn)
 j - a +1 hat (worn)
Magical devices
 m - a wand of confusion (32)
 n - a wand of slowing (25)
Scrolls
 d - a scroll of amnesia
 g - a scroll of fear
 h - a scroll of remove curse
 k - 3 scrolls of enchant weapon {unknown}
 l - a scroll of recharging
 p - 2 scrolls of identify
 q - a scroll of blinking {unknown}
Books
 b - a book of Flames

   Spells                             Type                      Level
   a - Flame Tongue                   Conjuration/Fire             1
   b - Throw Flame                    Conjuration/Fire             2
   c - Conjure Flame                  Conjuration/Fire             3
   d - Inner Flame                    Hexes/Fire                   3
   e - Sticky Flame                   Conjuration/Fire             4
   f - Fireball                       Conjuration/Fire             5
 o - a book of Callings

   Spells                             Type                      Level
   a - Summon Small Mammal            Summoning                    1
   b - Call Imp                       Summoning                    2
   c - Call Canine Familiar           Summoning                    3
   d - Summon Guardian Golem          Hexes/Summoning              4
   e - Summon Lightning Spire         Summoning/Air                4
   f - Summon Ice Beast               Ice/Summoning                4


   Skills:
 - Level 1.5 Dodging
 - Level 1.5 Stealth
 + Level 3.0 Spellcasting
 + Level 1.6 Conjurations
 * Level 3.6 Fire Magic


You couldn't memorise any spells.
You knew the following spells:

 Your Spells              Type           Power        Failure   Level  Hunger
a - Flame Tongue          Conj/Fire      ##...        10%         1    N/A
b - Throw Flame           Conj/Fire      ##....       12%         2    N/A
c - Conjure Flame         Conj/Fire      ##......     24%         3    N/A
i - Inner Flame           Hex/Fire       #.......     30%         3    N/A

Dungeon Overview and Level Annotations

Branches:
Dungeon (4/15)
 Temple: D:4-7

Altars:
Ashenzari

Shops:
D:4 (


Innate Abilities, Weirdness & Mutations

You do not eat or drink.
Your flesh is vulnerable to fire.
Your flesh is cold resistant.
You are immune to negative energy.
Your system is resistant to poisons.
You are immune to unholy pain and torment.
You can survive without breathing.


Message History

Aim: a worker ant (heavily wounded)
The flame tongue hits the worker ant.
The worker ant is almost dead.
The worker ant closely misses you.
Casting: Flame Tongue
Confirm with . or Enter, or press ? or * to list all spells.
Aiming: Flame Tongue
Press: ? - help, Shift-Dir - straight line, f/p - worker ant
Aim: a worker ant (almost dead)
The flame tongue hits the worker ant.
The worker ant is almost dead.
The worker ant closely misses you. The worker ant bites you.
* * * LOW HITPOINT WARNING * * *
Casting: Flame Tongue
Confirm with . or Enter, or press ? or * to list all spells.
Aiming: Flame Tongue
Press: ? - help, Shift-Dir - straight line, f/p - worker ant
Aim: a worker ant (almost dead)
The flame tongue misses the worker ant.
The worker ant bites you.
You die...

#...... #...... ..# #......
..# #...... ..######.....)
################.............
.............................
#...#...#...#...#.............
............a@................
#...#...#...#...#.............
.............................
################.............
....................
.......#'####......
........#....#......
#.......#....#......
#.......#....'......


You could see a worker ant.

Vanquished Creatures
  2 iguanas (D:4)
  An adder (D:4)
  A worm (D:2)
  2 orcs (D:3)
  2 ball pythons
  4 giant cockroaches
  6 goblins
  5 hobgoblins
  3 kobolds
  A quokka (D:3)
  10 bats
  A giant gecko (D:1)
  A giant gecko skeleton (D:3)
  5 giant newts
  5 rats
49 creatures vanquished.

Notes
Turn   | Place    | Note
--------------------------------------------------------------
     0 | D:1      | RepoMan, the Mummy Fire Elementalist, began the quest for the Orb.
     0 | D:1      | Reached XP level 1. HP: 13/13 MP: 3/3
   479 | D:1      | You fall through a shaft!
   597 | D:1      | Reached XP level 2. HP: 13/19 MP: 1/5
   598 | D:1      | Reached skill level 1 in Conjurations
   649 | D:1      | Learned a level 2 spell: Throw Flame
  1468 | D:2      | Reached XP level 3. HP: 24/24 MP: 3/6
  1474 | D:2      | Learned a level 3 spell: Conjure Flame
  1540 | D:2      | Reached skill level 3 in Fire Magic
  1910 | D:3      | Found a shattered altar of Ashenzari.
  1917 | D:3      | Became a worshipper of Ashenzari the Shackled
  2169 | D:4      | Noticed an ogre
  2371 | D:4      | Reached XP level 4. HP: 18/30 MP: 0/8
  2500 | D:4      | Found Osiuf's Antique Weapon Emporium.
  2672 | D:4      | Learned a level 3 spell: Inner Flame
  2757 | D:4      | Noticed an ogre
  2792 | D:4      | Slain by a worker ant

Action                   |  1- 3 |  4- 6 || total
-------------------------+-------+-------++-------
Melee: Unarmed           |     5 |       ||     5
       Dagger            |    16 |    10 ||    26
 Cast: Flame Tongue      |    55 |    22 ||    77
       Conjure Flame     |     1 |       ||     1
  Use: Scroll            |     3 |       ||     3
 Stab: Sleeping          |     1 |       ||     1
